Map: Frozen Temple

Players

Andrew - Winner!

  • Race: Zerg Zerg
  • League: Master

Miszu

  • Race: Terran Terran
  • League: Master

VOD

Have the link to the VOD?

Description

Time

  • Played on: June 12, 2016, 7:52 a.m.
  • Length: 11:06
Show
View Real Time Build Order
Export as new Build Order

Andrew Zerg - Winner!

Build Orders: Hatch First, Muta Ling Bane 

Get SALT Encoding   

  12  0:00  Drone  
  13  0:13  Overlord  
  13  0:19  Drone  
  14  0:32  Drone x2  
  16  0:36  Drone  
  17  0:47  Drone  
  18  0:56  Hatchery  
  17  1:00  Drone  
  17  1:01  Extractor  
  17  1:13  Spawning Pool  
  17  1:16  Drone  
  17  1:19  Drone  
  18  1:29  Drone  
  19  1:40  Overlord  
  20  2:01  Zergling x4  
  20  2:02  Queen  
  20  2:03  Metabolic Boost  
  20  2:08  Zergling x2, Queen  
  25  2:14  Drone  
  27  2:19  Drone  
  28  2:33  Spore Crawler  
  28  2:34  Drone x3  
  31  2:44  Hatchery  
  31  2:46  Drone  
  31  2:47  Drone  
  32  2:52  Queen  
  34  2:59  Overlord  
  34  3:02  Drone  
  34  3:03  Drone  
  36  3:13  Overlord  
  36  3:17  Drone x2  
  36  3:18  Drone  
  39  3:20  Drone x2  
  39  3:21  Drone  
  39  3:22  Drone  
  44  3:34  Drone x2  
  44  3:36  Extractor, Queen  
  46  3:42  Drone  
  46  3:43  Drone x2  
  46  3:45  Drone  
  50  3:49  Drone  
  50  3:50  Drone  
  50  3:52  Overlord  
  52  3:56  Queen, Drone  
  52  4:02  Drone  
  56  4:06  Evolution Chamber  
  56  4:08  Evolution Chamber  
  56  4:09  Overlord x2  
  54  4:10  Drone  
  54  4:16  Queen  
  55  4:18  Drone  
  55  4:23  Overlord  
  58  4:32  Drone  
  58  4:33  Zerg Melee Weapons Level 1, Drone  
  58  4:35  Zerg Ground Armor Level 1  
  58  4:37  Drone  
  61  4:39  Drone x3  
  61  4:40  Drone  
  61  4:43  Drone  
  61  4:44  Drone x2  
  68  4:46  Overlord  
  68  4:52  Drone x4  
  72  4:59  Lair  
  71  5:00  Drone  
  71  5:01  Drone  
  73  5:15  Overlord, Extractor x2  
  73  5:17  Baneling Nest  
  73  5:20  Extractor, Hatchery  
  68  5:22  Zergling x2  
  68  5:23  Zergling x14  
  68  5:26  Overlord  
  76  5:33  Drone x2  
  79  5:35  Drone  
  79  5:36  Drone x2  
  79  5:37  Extractor  
  79  5:38  Drone  
  79  5:39  Drone x2  
  83  5:43  Overlord  
  83  5:44  Zergling x2  
  84  5:50  Drone x3  
  84  5:55  Drone  
  88  5:58  Drone  
  88  5:59  Centrifical Hooks  
  88  6:02  Zergling x8  
  88  6:03  Baneling, Hatchery  
  88  6:04  Baneling x2  
  92  6:09  Overlord  
  92  6:14  Drone  
  92  6:15  Drone x5  
  98  6:18  Overlord  
  98  6:20  Overlord  
  98  6:29  Drone  
  98  6:31  Zerg Melee Weapons Level 2  
  98  6:33  Spire, Zerg Ground Armor Level 2  
  98  6:38  Drone  
  98  6:43  Zergling x4  
  98  6:44  Zergling x6  
  98  6:46  Baneling  
  98  6:47  Baneling x4  
  103  6:48  Drone x4  
  103  6:49  Drone  
  103  6:53  Baneling x5  
  104  6:56  Overlord  
  104  6:57  Drone x3  
  104  6:58  Drone  
  104  6:59  Baneling x3  
  102  7:09  Zergling x2  
  102  7:10  Zergling x16  
  99  7:17  Zergling x2  
  99  7:18  Zergling x10  
  99  7:21  Zergling x2  
  100  7:28  Zergling x8  
  98  7:45  Mutalisk x5  
  98  7:46  Mutalisk  
  110  7:53  Mutalisk  
  110  7:54  Mutalisk x4  
  110  7:56  Overlord  
  120  7:59  Drone x2  
  120  8:00  Drone  
  120  8:01  Extractor  
  120  8:02  Extractor  
  121  8:08  Zerg Flyer Weapons Level 1  
  121  8:09  Mutalisk x2  
  121  8:11  Drone x2  
  121  8:12  Drone x3  
  130  8:20  Baneling  
  130  8:21  Baneling x7  
  130  8:23  Zergling x24  
  130  8:24  Zergling x2  
  130  8:26  Baneling x3  
  143  8:27  Baneling  
  143  8:28  Baneling  
  143  8:34  Baneling x5  
  143  8:43  Zergling x2  
  143  8:44  Zergling x20  
  143  8:46  Baneling  
  143  8:47  Baneling x5  
  143  8:48  Overlord  
  154  8:57  Infestation Pit  
  154  9:01  Zergling x2  
  154  9:02  Zergling x14  
  160  9:15  Zergling x2  
  160  9:16  Zergling x26  
  158  9:20  Baneling  
  158  9:21  Baneling x5  
  154  9:26  Zergling x2  
  154  9:27  Zergling x6  
  154  9:28  Baneling  
  154  9:29  Baneling x6  
  151  9:39  Zergling x2  
  151  9:40  Zergling x22  
  152  9:46  Zergling x8  
  152  9:52  Mutalisk  
  156  9:54  Mutalisk x2  
  160  10:04  Mutalisk  
  160  10:05  Mutalisk x3  
  168  10:17  Baneling x14  
  168  10:18  Baneling x9  
  157  10:30  Zergling x22, Hatchery  
  162  10:38  Zergling x2  
  149  10:43  Zergling x4  
  149  10:44  Zergling x18  
Show
View Real Time Build Order
Export as new Build Order

Miszu Terran 

Build Orders: Reaper Expand, Bio Hellbat 

Get SALT Encoding   

  12  0:00  SCV  
  13  0:12  SCV  
  14  0:17  Supply Depot  
  14  0:24  SCV  
  15  0:39  SCV  
  16  0:44  Barracks  
  16  0:47  Refinery  
  16  0:51  SCV  
  17  1:03  SCV  
  18  1:15  SCV  
  19  1:31  Reaper, Orbital Command  
  20  1:40  Command Center  
  20  1:54  Supply Depot  
  20  1:57  SCV  
  21  2:03  Marine  
  22  2:09  SCV  
  22  2:10  Factory  
  23  2:21  SCV  
  24  2:26  Barracks Reactor  
  24  2:34  SCV  
  25  2:42  Command Center  
  25  2:48  SCV  
  26  2:52  Orbital Command  
  26  3:00  SCV  
  27  3:08  Barracks Tech Lab  
  27  3:11  Hellion  
  27  3:12  Hellion, SCV  
  32  3:24  SCV x2  
  32  3:26  Marine  
  35  3:27  Stimpack  
  35  3:36  SCV x2  
  36  3:42  Refinery  
  36  3:45  Barracks, Factory Reactor  
  36  3:46  Barracks  
  36  3:48  SCV  
  36  3:49  SCV  
  36  3:54  Orbital Command  
  38  3:59  Marine  
  38  4:00  SCV  
  38  4:01  SCV  
  41  4:05  Engineering Bay  
  41  4:06  Engineering Bay  
  41  4:12  SCV  
  41  4:13  SCV  
  43  4:21  Refinery  
  43  4:22  Refinery  
  44  4:24  SCV, Orbital Command  
  44  4:25  SCV  
  44  4:31  Supply Depot  
  45  4:32  Terran Infantry Weapons Level 1  
  45  4:33  Terran Infantry Armor Level 1  
  45  4:37  SCV x2  
  47  4:42  Marine x2  
  47  4:43  Marine  
  50  4:49  SCV x2  
  52  4:52  Factory Reactor  
  52  4:54  Starport  
  52  4:55  SCV  
  52  4:57  Supply Depot  
  53  5:01  SCV x2  
  53  5:04  Marine  
  53  5:05  Marine x4  
  60  5:07  SCV  
  60  5:13  SCV x2  
  63  5:19  SCV, Armory  
  64  5:22  Marine x2  
  64  5:23  Marine x2  
  64  5:25  SCV x2  
  64  5:26  Supply Depot  
  64  5:28  Combat Shields  
  70  5:31  SCV  
  70  5:35  Supply Depot  
  71  5:37  SCV  
  71  5:39  Barracks x2  
  71  5:42  SCV, Factory Reactor  
  73  5:43  SCV  
  73  5:46  Medivac  
  73  5:47  Medivac  
  73  5:49  SCV  
  79  5:54  SCV  
  79  5:55  SCV  
  81  5:58  Refinery  
  81  6:01  Factory, SCV  
  82  6:05  Supply Depot  
  82  6:06  SCV  
  82  6:07  SCV  
  82  6:08  Marine x3, Marauder  
  89  6:13  SCV  
  89  6:14  Supply Depot  
  89  6:15  Terran Vehicle Weapons Level 1  
  89  6:18  SCV  
  91  6:19  SCV  
  91  6:20  Marine  
  93  6:26  Marine  
  93  6:27  Terran Infantry Weapons Level 2  
  93  6:28  Terran Infantry Armor Level 2  
  94  6:33  Marine  
  94  6:34  Marine, Marauder  
  94  6:35  Barracks Reactor  
  94  6:37  Barracks Reactor  
  98  6:41  Hellion x2  
  98  6:42  Medivac  
  98  6:46  Factory Tech Lab  
  104  6:56  Marine  
  104  6:57  Marine x2, Marauder  
  109  7:07  Marine  
  105  7:11  Marine  
  101  7:18  Marauder  
  101  7:19  Marine  
  101  7:23  Marine x2  
  101  7:24  Marine x3  
  101  7:28  Hellion  
  108  7:33  Hellion  
  108  7:35  Marine  
  108  7:36  Marine  
  107  7:37  Marine  
  107  7:38  Infernal Pre-Igniter, SCV  
  107  7:42  Supply Depot  
  107  7:43  Marine x2, Thor, SCV  
  107  7:44  Marauder  
  120  7:45  Supply Depot  
  120  7:46  Barracks x2  
  120  7:47  Barracks  
  120  7:51  Hellion  
  120  7:54  Hellbat  
  120  7:57  Marine x3  
  120  7:58  Marine x3  
  128  8:01  Marine x2  
  128  8:04  Supply Depot, SCV  
  128  8:05  Supply Depot, Marauder  
  133  8:08  Supply Depot  
  133  8:09  Terran Vehicle Weapons Level 2  
  133  8:12  Hellbat  
  135  8:15  Marine x3  
  135  8:18  Medivac x2  
  142  8:26  Thor  
  142  8:27  Marauder  
  150  8:34  Hellbat x2  
  150  8:39  Missile Turret  
  154  8:41  Barracks Tech Lab x2  
  154  8:42  Barracks Tech Lab  
  154  8:45  Command Center  
  154  8:48  Marauder  
  156  8:52  Marine x2  
  156  8:53  Medivac  
  160  8:56  Hellbat  
  162  9:05  Marauder  
  168  9:14  Marauder  
  156  9:18  Marauder x2  
  156  9:19  Hellbat  
  156  9:20  Hellbat  
  156  9:21  Thor  
  166  9:26  Medivac  
  166  9:28  Marine x3, Marauder  
  173  9:34  Marine  
  173  9:35  Marine, SCV  
  98  9:57  Hellbat  
  98  9:59  Supply Depot  
  97  10:00  Supply Depot  
  97  10:01  Barracks  
  97  10:04  Thor  
  97  10:06  Marine  
  104  10:07  Marine x2  
  104  10:14  Supply Depot  
  106  10:19  Hellbat x2  
  106  10:20  Marine  
  106  10:21  Marine x4, Marauder  
Tags
 
Add a new tag
Caveats
  • Supply blocks, unpowered buildings, or Contaminate may cause inaccurate times.
  • Supply counts are checked every 10 seconds.